 Dungeon Crawl Stone Soup version 0.20.1-1-g8b1a95d (webtiles) character file.

378 Zedayar the Ruffian (level 6, -4/61 HPs)
             Began as a Troll Berserker on Aug 26, 2017.
             Was a Believer of Trog.
             Slain by a two-headed ogre
             ... wielding a +0 giant club
              (25 damage)
             ... on level 5 of the Dungeon.
             The game lasted 00:09:37 (2747 turns).

Zedayar the Ruffian (Troll Berserker)               Turns: 2747, Time: 00:09:38

Health: -4/61      AC:  5    Str: 28    XL:     6   Next: 45%
Magic:  5/5        EV: 11    Int:  3    God:    Trog [**....]
Gold:   196        SH:  0    Dex:  9    Spells: 5/5 levels left

rFire    x . .     SeeInvis .     - Unarmed
rCold    + . .     Gourm    +   (no shield)
rNeg     . . .     Faith    .   r - +0 robe (curse)
rPois    .         Spirit   .   (helmet restricted)
rElec    .         Reflect  .   (no cloak)
rCorr    .         Harm     .   (gloves unavailable)
MR       .....                  (boots unavailable)
Stlth    +.........             q - amulet of rage
Regen    0.6/turn               d - ring of ice
MPRegen  0.1/turn               t - ring of flight

@: no status effects
A: unfitting armour, claws 3, fast metabolism 3, gourmand, regeneration 1,
shaggy fur 1, tough skin 2
a: Berserk, Trog's Hand, Burn Spellbooks, Renounce Religion, Evoke Berserk Rage,
Evoke Flight


You were on level 5 of the Dungeon.
You worshipped Trog.
Trog was pleased with you.
You were not hungry.

You visited 1 branch of the dungeon, and saw 5 of its levels.

You collected 196 gold pieces.

Inventory:

Armour
 a - a +0 animal skin
 r - a cursed +0 robe (worn)
Jewellery
 d - a ring of ice (left claw)
 q - an amulet of rage (around neck)
 t - a ring of flight (right claw)
Wands
 v - a wand of lightning (7/15)
Scrolls
 e - 2 scrolls of identify {unknown}
 f - a scroll of immolation {unknown}
 g - 5 scrolls of enchant weapon {unknown}
 j - a scroll of blinking {unknown}
 k - 2 scrolls of recharging {unknown}
 m - a scroll of remove curse {unknown}
 n - 2 scrolls of enchant armour {unknown}
 o - a scroll of noise {unknown}
Potions
 i - a potion of might {unknown}
 p - a potion of mutation {unknown}
 s - a potion of degeneration {unknown}
 u - a potion of curing {unknown}
 w - 2 potions of flight {unknown}
Comestibles
 b - 2 bread rations
 c - a royal jelly
 h - 3 fruits
 l - 2 meat rations


   Skills:
 + Level 3.0 Fighting
 + Level 3.5 Dodging
 * Level 6.1 Unarmed Combat


You had 5 spell levels left.
You didn't know any spells.

Dungeon Overview and Level Annotations

Branches:
Dungeon (5/15)
 Temple: D:4-7

Altars:
Kikubaaqudgha
Nemelex Xobeh
Okawaru
Qazlal


Innate Abilities, Weirdness & Mutations

You are too large for most types of armour.
You have claws for hands.
Your metabolism is lightning-fast.
You like to eat raw meat.
Your natural rate of healing is unusually fast.
You are covered in fur. (AC +1)
You have very tough skin. (AC +2)


Message History

There is an escape hatch in the ceiling here.
You see here a long sword.
A two-headed ogre comes into view.
It is wielding a giant club and a giant spiked club.
The two-headed ogre shouts in stereo!
The two-headed ogre barely misses you.
The two-headed ogre hits you with a giant spiked club.
You barely miss the two-headed ogre. The two-headed ogre barely misses you.
The two-headed ogre closely misses you.
You claw the two-headed ogre!
The two-headed ogre is moderately wounded.
You claw the two-headed ogre!
The two-headed ogre is moderately wounded.
The two-headed ogre hits you with a giant club.
The two-headed ogre closely misses you.
You claw the two-headed ogre!
The two-headed ogre is heavily wounded.
The two-headed ogre hits you with a giant club!!
Ouch! That really hurt!
The two-headed ogre hits you with a giant spiked club!!
You die...

# # # # #### ...#
##.###########
#...........###########
###########....@O......
############.


You could see a two-headed ogre.

Vanquished Creatures
  A phantom (D:4)
  2 orc priests (D:4)
  An orc wizard (D:4)
  3 worker ants (D:4)
  A gnoll (D:1)
  4 adders
  An ooze (D:4)
  An adder skeleton (D:5)
  2 worms
  3 dart slugs
  2 leopard geckos
  7 orcs
  3 giant cockroaches
  8 goblins
  9 hobgoblins
  2 quokkas
  2 ball pythons
  4 bats
  3 frilled lizards
  5 kobolds
  A quokka skeleton (D:5)
  3 rats (D:2)
68 creatures vanquished.

Notes
Turn   | Place    | Note
-------+----------+-------------------------------------------
     0 | D:1      | Zedayar the Troll Berserker began the quest for the Orb.
     0 | D:1      | Reached XP level 1. HP: 22/22 MP: 0/0
   159 | D:1      | Reached XP level 2. HP: 27/29 MP: 1/1
   563 | D:2      | Reached XP level 3. HP: 32/36 MP: 2/2
   705 | D:2      | Paralysed by fainting for 7 turns
   715 | D:2      | Paralysed by fainting for 6 turns
   885 | D:2      | Found an iron altar of Okawaru.
   920 | D:2      | Reached ** piety under Trog
  1270 | D:3      | Reached XP level 4. HP: 43/44 MP: 3/3
  1282 | D:3      | Reached skill level 4 in Unarmed Combat
  1915 | D:4      | Found a sparkling altar of Nemelex Xobeh.
  1960 | D:4      | Reached XP level 5. HP: 31/52 MP: 4/4
  1971 | D:4      | Reached skill level 5 in Unarmed Combat
  1973 | D:4      | Found an ancient bone altar of Kikubaaqudgha.
  2013 | D:4      | Noticed a phantom
  2044 | D:4      | Killed a phantom
  2044 | D:4      | Reached XP level 6. HP: 46/61 MP: 5/5
  2355 | D:4      | Found a stormy altar of Qazlal.
  2486 | D:4      | Reached skill level 6 in Unarmed Combat
  2696 | D:5      | Entered Level 5 of the Dungeon
  2740 | D:5      | Noticed a two-headed ogre
  2747 | D:5      | Slain by a two-headed ogre

Skill      XL: |  1  2  3  4  5  6 |
---------------+-------------------+-----
Dodging        | 3 |  3.5
Unarmed Combat | 4 5 6 |  6.1
Fighting       | 3 |  3.0

Action                   |  1- 3 |  4- 6 || total
-------------------------+-------+-------++-------
Melee: Unarmed           |   110 |   111 ||   221
       Punch             |     5 |     1 ||     6
Invok: Berserk           |       |     1 ||     1
  Eat: Chunk             |     7 |    12 ||    19
       Bread ration      |     1 |       ||     1
Armor: Animal skin       |    76 |    10 ||    86
       Robe              |       |    15 ||    15
Dodge: Dodged            |   115 |    48 ||   163
